Cogmind - Beta 13 @@@ ROGUE MODE // 2024.04.10 @ 21:00:12 Player: CanadianCogs Result: Destroyed by D-53 Grenadier with Mini Grenade Launcher Performance ------------- Evolutions (0) 0 Regions Visited (2) 400 Robots Destroyed (13) 65 Value Destroyed (237) 237 Prototype IDs (0) 0 Alien Tech Used (0) 0 Bonus (0) 0 TOTAL SCORE: 702 Bonus ------- None Cogmind --------- Core Integrity 0/250 Matter 287/300 Energy 80/100 System Corruption 1% Temperature Cool (0) Movement Core (50) Location -10/Mines Parts ------- > --- POWER (1) -------- (None) > --- PROPULSION (2) --- (None) > --- UTILITY (2) ------ Heat Sink > --- WEAPON (2) ------- Small Laser > --- INVENTORY (5) ---- Bomb Drone Bay Small Laser Small Laser Peak State ------------ > --- POWER ------------ Light Ion Engine > --- PROPULSION ------- VTOL Module VTOL Module > --- UTILITY ---------- Heat Sink Structural Scanner > --- WEAPON ----------- Heavy EM Pulse Gun Heavy EM Pulse Gun > --- INVENTORY -------- VTOL Module VTOL Module Heavy EM Pulse Gun Heavy EM Pulse Gun Datajack [Rating: 11] Favorites ----------- Power Light Ion Engine Engine Light Ion Engine Propulsion VTOL Module Treads Light Treads Flight Unit VTOL Module Utility Structural Scanner Device Structural Scanner Weapon Heavy EM Pulse Gun Energy Gun Heavy EM Pulse Gun Ballistic Cannon Light Cannon Launcher Rocket Launcher Special Melee Weapon Datajack Build | -11 -10 -10 ------- Run | Yrd Mat Min Slots Evolved . | . . . Power . | . . . Propulsion . | . . . Utility . | . . . Weapon . | . . . Parts Attached 25 | 5 18 2 Power 4 | 1 3 . Engine 4 | 1 3 . Core . | . . . Reactor . | . . . Propulsion 6 | 2 4 . Treads 2 | 2 . . Leg . | . . . Wheel . | . . . Hover . | . . . Flight 4 | . 4 . Utility 4 | . 4 . Device 4 | . 4 . Storage . | . . . Processor . | . . . Hackware . | . . . Protection . | . . . Artifact . | . . . Weapon 11 | 2 7 2 Energy Gun 8 | 2 5 1 Energy Cannon . | . . . Ballistic Gun . | . . . Ballistic Cannon 1 | . 1 . Launcher 1 | . . 1 Special Weapon . | . . . Impact Weapon . | . . . Slashing Weapon . | . . . Piercing Weapon . | . . . Special Melee Weapon 1 | . 1 . Unidentified Prototypes . | . . . Parts Lost 10 | . 4 6 Power 1 | . . 1 Propulsion 3 | . 1 2 Utility 1 | . . 1 Weapon 5 | . 3 2 Highest Loss Streak 6 | . 3 6 To Critical Strikes . | . . . Average Slot Usage (%) 93 | . 92 95 Engine 13 | . 14 13 Treads 3 | . 3 . Flight 24 | . 23 26 Device 23 | . 22 27 Energy Gun 15 | . 17 . Ballistic Cannon 1 | . 1 1 Launcher 1 | . . 11 Special Melee Weapon 7 | . 6 13 Naked Turns . | . . . Heaviest Build 12 | 7 12 10 Greatest Support 40 | 40 40 8 Greatest Overweight (x) 3 | . 3 1 Average Overweight (x) . | . . . Largest Inventory Capacity 5 | 5 5 5 Average Capacity 5 | 5 5 5 Most Carried 5 | 5 5 5 Average Carried 2 | 2 2 4 Final Capacity 5 | 5 5 5 Final Carried 4 | 2 4 4 Class Distribution -------------------- 93% | Mutant 6% | Sprinter Dominant Class ---------------- Mutant | -10/Materials Mutant | -10/Mines Resources | -11 -10 -10 ----------- Run | Yrd Mat Min Matter Collected 439 | 236 174 29 Remotely . | . . . Salvage Created 338 | . 338 . Parts 27 | . 27 . Haulers Intercepted . | . . . Recyclers Shooed . | . . . Parts Field Recycled . | . . . Retrieved Matter . | . . . Parts Self-Destructed . | . . . Prevented . | . . . Kills | -11 -10 -10 ------- Run | Yrd Mat Min Combat Hostiles Destroyed 12 | . 12 . Guns 12 | . 12 . Classes Destroyed 3 | . 3 . Worker 1 | . 1 . Swarmer 8 | . 8 . Grunt 4 | . 4 . Best Kill Streak 4 | . 4 . Combat Bots Only 4 | . 4 . Max Kills in Single Turn 2 | . 2 . Gunslinging . | . . . Exploded . | . . . Melee . | . . . Uniques/NPCs Destroyed . | . . . Combat | -11 -10 -10 -------- Run | Yrd Mat Min Hostile Shots Fired 69 | . 62 7 Missed 17 | . 17 . Damage Taken 785 | . 419 366 Core 264 | . 95 169 Absorbed by Shields . | . . . Regen/Repaired (Parts) 43 | . 43 . Core Remaining (%) 100 | 100 . . Volleys Fired 28 | . 25 3 Largest 2 | . 2 1 Hottest 90 | . 90 33 Shots Fired 51 | . 48 3 Gun 47 | . 47 . Cannon 1 | . 1 . Launcher 3 | . . 3 Special . | . . . Kinetic 1 | . 1 . Thermal . | . . . Explosive 3 | . . 3 Electromagnetic 47 | . 47 . Robot Hit Streak 3 | . 3 1 Robot Miss Streak 5 | . 5 2 Penetration Max . | . . . Secondary Targets 3 | . 3 . Max Gunslinging Chain 1 | . 1 . Shots Hit Robots 21 | . 20 1 Core Hits 15 | . 13 2 Critical Kills . | . . . Critical Parts Destroyed . | . . . Critical Strikes . | . . . Melee Attacks . | . . . Impact . | . . . Slashing . | . . . Piercing . | . . . Sneak Attacks . | . . . Combat Hostiles . | . . . Follow-up Attacks . | . . . Damage Inflicted 400 | . 362 38 Guns 362 | . 362 . Cannons . | . . . Explosions 38 | . . 38 Melee . | . . . Ramming . | . . . Kinetic . | . . . Thermal . | . . . Explosive 38 | . . 38 Electromagnetic 362 | . 362 . Impact . | . . . Slashing . | . . . Piercing . | . . . Highest Corruption 1 | . 1 1 Average Corruption 1 | . 1 1 Corruption Purged . | . . . Corruption Blocked . | . . . Effects 6 | . 3 3 Message Errors 1 | . . 1 Matter Fused 2 | . 1 1 Data Loss (minor) 2 | . 1 1 Misfires 1 | . 1 . Overload Shots . | . . . Overflow Damage 5 | . . 5 Projectiles . | . . . Explosions 5 | . . 5 Melee . | . . . Knockbacks . | . . . Impact . | . . . Kinetic . | . . . Secondary . | . . . Self-Inflicted Damage 71 | . . 71 Shots 3 | . . 3 Rammed . | . . . Targets Rammed . | . . . Kicked . | . . . Crushed . | . . . Highest Temperature 108 | . 108 . Average Temperature 26 | . 26 . Received Heat Transfer 84 | . 84 . Siege Activations . | . . . Robots Corrupted . | . . . Combat Hostiles . | . . . Parts Fried . | . . . Impact Corruptions . | . . . Robots Melted . | . . . Combat Hostiles . | . . . Parts Melted . | . . . Heat Transferred . | . . . Parts Sabotaged . | . . . Parts Stolen . | . . . Parts Stripped . | . . . Power Chain Reactions . | . . . Alert | -11 -10 -10 ------- Run | Yrd Mat Min Peak Influence 302 | . 302 15 Initial 15 | . . 15 Average 102 | . 126 14 Maximum Alert Level 1 | . 1 . Low Security (%) 92 | 100 90 100 Level 1 7 | . 9 . Level 2 . | . . . Level 3 . | . . . Level 4 . | . . . Level 5 . | . . . High Security . | . . . Max Security . | . . . Squads Dispatched 4 | . 4 . Investigation 4 | . 4 . Extermination . | . . . Reinforcement . | . . . Assault . | . . . Garrison . | . . . Intercept . | . . . Searches Triggered . | . . . Construction Impeded . | . . . Haulers Reinforced . | . . . Active Scanning Responses . | . . . Cargo Convoy Interrupts . | . . . Stealth | -11 -10 -10 --------- Run | Yrd Mat Min Distress Signals . | . . . Communications Jammed . | . . . Distress Signals . | . . . Times Spotted 23 | . 17 6 Peak Tracking Total 8 | . 4 8 Tactical Retreats 1 | . . 1 Traps | -11 -10 -10 ------- Run | Yrd Mat Min Traps Triggered 2 | . 2 . Indirectly . | . . . Trap Hack Attempts . | . . . Triggered . | . . . Disarmed . | . . . Reprogrammed . | . . . Reused . | . . . Traps Extracted . | . . . Installed . | . . . Triggered . | . . . Machines | -11 -10 -10 ---------- Run | Yrd Mat Min Machines Disabled 2 | . 2 . Max in Single Turn 1 | . 1 . Machines Repaired . | . . . Machines Dismantled . | . . . Machines Sabotaged . | . . . Overloaded Fab Kills . | . . . Hacking | -11 -10 -10 --------- Run | Yrd Mat Min Machines Accessed 11 | . 10 1 Terminals 7 | . 7 . Fabricators . | . . . Repair Stations 1 | . 1 . Recycling Units 2 | . 2 . Scanalyzers . | . . . Garrison Access . | . . . Total Hacks 43 | . 42 1 Successful 26 | . 25 1 Failed 17 | . 17 . Catastrophic 1 | . 1 . Database Lockouts . | . . . Manual 18 | . 18 . Terminals 31 | . 31 . Fabricators . | . . . Repair Stations 6 | . 6 . Recycling Units 5 | . 5 . Scanalyzers . | . . . Garrison Access . | . . . Terminal Hacks 14 | . 13 1 Record 7 | . 7 . Open Door 1 | . . 1 Locate Traps 2 | . 2 . Hauler Manifests 1 | . 1 . Zone Layout 3 | . 3 . Fabricator Hacks . | . . . Repair Station Hacks 3 | . 3 . Scan Component 2 | . 2 . Repair 1 | . 1 . Recycling Unit Hacks 2 | . 2 . Retrieve Components 2 | . 2 . Scanalyzer . | . . . Garrison Access Hacks . | . . . Unauthorized Hacks 7 | . 7 . Terminals 6 | . 6 . Botnet 6 | . 6 . Fabricators . | . . . Repair Stations . | . . . Recycling Units 1 | . 1 . Tunnel 1 | . 1 . Scanalyzers . | . . . Garrison Access . | . . . Data Cores Recovered . | . . . Used . | . . . Hacking Detections 7 | . 7 . Full Trace Events 5 | . 5 . Feedback Events . | . . . Feedback Blocked . | . . . Robot Schematics Acquired . | . . . Robots Built . | . . . Authchips . | . . . Time . | . . . Total Robot Build Rating . | . . . Part Schematics Acquired . | . . . Parts Built . | . . . Authchips . | . . . Time . | . . . Total Part Build Rating . | . . . Parts Repaired 1 | . 1 . Time 44 | . 44 . Parts Recycled . | . . . Recycled Matter . | . . . Retrieved Matter . | . . . Retrieved Components 9 | . 9 . Parts Scanalyzed . | . . . Part Schematics Acquired . | . . . Parts Damaged . | . . . Bothacking | -11 -10 -10 ------------ Run | Yrd Mat Min Used RIF Installer . | . . . Robots Hacked . | . . . Non-combat . | . . . Combat . | . . . Robot Hacks Applied . | . . . Relay Couplers Released . | . . . Fabnet Peak Effective % . | . . . Robots Rewired . | . . . Allies Hacked . | . . . Hacks Repelled . | . . . Allies | -11 -10 -10 -------- Run | Yrd Mat Min Total Allies . | . . . Largest Group . | . . . Highest-Rated Group . | . . . Highest-Rated Ally . | . . . Total Orders . | . . . Ally Attacks . | . . . Total Damage . | . . . Kills . | . . . Allies Corrupted . | . . . Allies Melted . | . . . Intel | -11 -10 -10 ------- Run | Yrd Mat Min Robot Analysis Total . | . . . Derelict Logs Recovered 1 | . . 1 Drone Launches . | . . . Drone Recoveries . | . . . Exploration | -11 -10 -10 ------------- Run | Yrd Mat Min Turns Passed 1190 | 65 944 181 Spaces Moved 771 | 45 619 107 Core 18 | 17 1 . Treads 93 | 28 65 . Legs . | . . . Wheels . | . . . Hover . | . . . Flight 660 | . 553 107 Fastest Speed 32 | 50 32 32 Average Speed 107 | 118 106 109 Slowest Speed 200 | 160 200 112 Overloaded Moves . | . . . Propulsion Burnouts . | . . . Robots Hopped 3 | . 3 . Cave-ins Triggered . | . . . Exploration Rate (%) 43 | 4 91 36 Regions Visited 2 Branch Regions 1 Pre-discovered Areas 1 | . 1 . Known Exits Taken . | . . . Unknown Exits Taken 2 | 1 1 . Scrap Searched 1 | . . 1 Spaces Dug . | . . . Terrain Destroyed 23 | . . 23 Melee . | . . . Projectile . | . . . AOE 23 | . . 23 Terrain Rammed . | . . . Walls Destroyed . | . . . Machines Disabled . | . . . Actions | -11 -10 -10 --------- Run | Yrd Mat Min Total 1080 | 57 854 169 Wait 217 | . 164 53 Move 764 | 44 613 107 Hop 2 | . 2 . Pick Up 26 | 7 17 2 Fast Attach 6 | 1 5 . Attach 12 | 4 6 2 Detach 1 | . 1 . Swap 7 | . 7 . Drop 17 | 1 14 2 Fire 28 | . 25 3 Melee . | . . . Ram . | . . . Kick . | . . . Crush . | . . . Escape Stasis . | . . . Rewire . | . . . Trap . | . . . Miscellaneous . | . . . Route ------- -11/Scrapyard -10/Materials (discovered 5 exits: [*Mat x3] / *Min x2) -10/Mines History --------- Turn | Location | Event 5 | -11/Scrapyard | Discovered new exit (range 16) 66 | -11/Scrapyard | Entered Materials 307 | -10/Materials | Discovered new exit (range 13) 311 | -10/Materials | Build established: Mutant 449 | -10/Materials | Discovered new exit (range 13) 544 | -10/Materials | Lost 3 parts (1n2w) 666 | -10/Materials | Discovered new exit (range 9) 756 | -10/Materials | Repaired Broken Hvy. EM Pulse Gun 896 | -10/Materials | Discovered new exit (range 12) 896 | -10/Materials | Discovered new exit (range 16) 1010 | -10/Materials | Entered Mines 1021 | -10/Mines | Learned location of 1 exit from Materials 1033 | -10/Mines | Received a Rocket Launcher from a helpful Derelict 1098 | -10/Mines | Found the Drone Emporium 1141 | -10/Mines | Assembled infested the area 1143 | -10/Mines | Found Prototype Device 1186 | -10/Mines | Core integrity fell below 50% 1190 | -10/Mines | Core integrity fell below 20% 1191 | -10/Mines | Destroyed by D-53 Grenadier with Mini Grenade Launcher Last Messages --------------- Sealed Doors opened. 01098_ 2I-FB3(g): "Well that was anticlimactic. Heard you outside and thought you were from the Merchants Guild. I haven't even officially opened my Drone Emporium yet but am totally ready to tell them where they can shove that C&D." 01100_ 2I-FB3(g): "I'm a fan of the free market. Free drones for all! No strings attached!" 01141_ ALERT: Infestation in the mines, dispatching Demolisher response squad. 01142_ Dropped Hvy. EM Pulse Gun. 01143_ Acquired Prototype Device. 01147_ System corrupted: Component data lost. 01169_ C-30 ARC bursts open, deploying its payload. 01184_ Lgt. Ion Engine destroyed. 01184_ Destroyed Lgt. Ion Engine. 01185_ Datajack destroyed. 01187_ Structural Scanner destroyed. 01189_ The unstable cave ceiling collapses. 01189_ VTOL Module destroyed. 01189_ Rocket Launcher destroyed. Map ----- +----------------------------------------------------+ | ???????????????????????????????????????????? | | ???????????????????????????????????????????? | | ???????????????????????????????????????????? | | ???????????????????????????????????????????? | | ???????????????????????????????????????????? | | ???????????????????????????????????????????? | | ????????????????????????????????????#####??? | | ????????????????????????????????????#####??? | | ???????????????????????????????????? ##??? | | ????????????????????????????????????## ##??? | | ????????????????????????????????????## ## ?? | | ???????????????????????????????????### ##### | | ???????????????????????????????####### #### | | ???????????????????????? ######### | | ???????????????????????########## ## | | ???????????????????????###""## ###? | | ???????????????????????##" # ### | | ???????????????????????##" # #### | | ???????????????????######"[ # # | | ????????????????#########" #X | | ???????????########## ###""## | | ??????????#### # ####### | | ??????????### # # | | ??????????## | | ???????###### %! # | | ???????### # @ ##### ## | | ???????## ############ | | ???????## d #####??###### | | ???????### r #???????????? | | ???????#### d #??????????? | | ????????### ##??????????? | | ?????????## ##?????????? | | ?????????### # ##### ##?????????? | | ?????????################ ##?????????? | | ??????????#######?????##### ###?????????? | | ???????????????????????##### ####?????????? | | ?????????????????????????? # %###??????????? | | ???????????????????????????? "##???????????? | | ???????????????????????????? ##???????????? | | ???????????????????????????? ##???????????# | | ???????????????????????????????????????????# | | ??????????????????????????????????????????## | | ?????????????????????????????????????????### | | ?????????????????????????????????????????### | | ?????????????????????????????????????????## | | ?????????????????????????????????????????## | | ?????????????????????????????????????????## | | ?????????????????????????????????????????## | | ?????????????????????????????????????????### | | ?????????????????????????????????????????### | +----------------------------------------------------+ Best States ------------- Heat Dissipation 35 Energy Generation 10 Energy Capacity 250 Matter Stores 300 Matter Capacity 300 Sight Range 16 Terrain Scan Density 10 Evasion (%) 63 Recoil Reduction 2 Item Schematics ----------------- None Robot Schematics ------------------ None Fabricated ------------ Nothing Alien Tech Used ----------------- None Achievements -------------- None Challenges ------------ None Game ------ Seed seed Manual? 1 Play Time 00:21:50 Cumulative 12.0 hours Start 2024.04.10 @ 20:38:22 End 2024.04.10 @ 21:00:12 Sessions 1 Manual Loads 0 Difficulty Rogue Special Mode None Game No. 15 Rogue 15 Adventurer 0 Explorer 0 Win Type - Total 0 Types 0/0/0/0/0/0/0/0/0 Lore% 8 Gallery% 18 Achievement% 18 Wizard Run 0 Options --------- Layout 0 ASCII 0 Keyboard 0 Movement Mouse Keybinds 0 Fullscreen 2 Font 18/SmallcapsGlow Map View 38x25 Zoom Use 95% Tactical HUD 1 Map Filters NONE Filters NONE Steam 1 RUN: 411f8f19-bb26-4eb7-978c-d42d2aad4f35